 Dungeon Crawl Stone Soup version 0.31.0-9-g3a7656b989 (webtiles) character file.

Game seed: 2173107060112826194

111 Malachi the Changeling (level 4, -2/33 HPs)
             Began as a Merfolk Shapeshifter on Jan 30, 2024.
             Killed from afar by Terence (4 damage)
             ... with a puff of flame
             ... on level 3 of the Dungeon.
             The game lasted 00:02:45 (2267 turns).

Malachi the Changeling (Merfolk Shapeshifter)       Turns: 2267, Time: 00:02:45

Health: -2/33      AC:  2    Str: 16    XL:     4   Next: 92%
Magic:  4/4        EV: 13    Int:  9    God:
Gold:   137        SH:  0    Dex: 19    Spells: 3/3 levels left

rFire   . . .        e - +1 whip (venom)
rCold   . . .        (no shield)
rNeg    . . .        a - +0 animal skin
rPois   .            (helmet currently unavailable)
rElec   .            (cloak currently unavailable)
rCorr   .            (gloves currently unavailable)
SInv    .            (boots currently unavailable)
Will    .....        (no amulet)
Stlth   ++           f - +6 ring of dexterity
HPRegen 0.25/turn    (no ring)
MPRegen 0.09/turn

%: no passive effects
@: beast-form
A: beast (slay +3), (nimble swimmer 2), mertail, teleportitis 1, MP-powered
wands
a: Begin Untransformation


You were on level 3 of the Dungeon.
You were a hulking beast.
You visited 1 branch of the dungeon, and saw 3 of its levels.

You collected 137 gold pieces.

Inventory:

Hand Weapons
 e - a +1 whip of venom (weapon)
Armour
 a - a +0 animal skin (worn)
Jewellery
 f - a +6 ring of dexterity (left hand)
Talismans
 c - a beast talisman
 d - a flux talisman
Scrolls
 h - a scroll of revelation {unknown}
 j - a scroll of blinking {unknown}
 l - a scroll of amnesia {unknown}
 m - a scroll of immolation {unknown}
 n - a scroll of identify {unknown}
 o - a scroll of noise {unknown}
Potions
 b - a potion of lignification
 k - a potion of curing
 q - a potion of heal wounds {unknown}


   Skills:
 + Level 2.2 Fighting
 - Level 1.1 Maces & Flails
 - Level 3.1 Dodging
 - Level 0.1 Stealth
 - Level 3.6 Unarmed Combat
 * Level 5.5 Shapeshifting


You had 3 spell levels left.
You didn't know any spells.
Your spell library contained the following spells:

 Spells                   Type           Power      Damage    Failure   Level
 Sandblast                Erth           0%         2d4       38%         1
 Mercury Vapours          Alch/Air       0%         N/A       52%         2
 Mephitic Cloud           Conj/Alch/Air  0%         N/A       77%         3
 Passwall                 Erth           0%         N/A       77%         3
 Stone Arrow              Conj/Erth      0%         3d7       77%         3
 Brom's Barrelling Bould  Conj/Erth      0%         2d3       99%         4
 Freezing Cloud           Conj/Ice/Air   0%         6-21      100%        5


Dungeon Overview and Level Annotations

Branches:
Dungeon (3/15)

Altars:
Xom

Annotations:
D:3 Terence


Innate Abilities, Weirdness & Mutations

You are a hulking beast.
Your limbs bulge with bestial killing power. (Slay +3)
((You are very nimble when in or above water. (Stealth+, EV+, Speed+++)))
Your lower body shifts to a powerful aquatic tail in water.
You are occasionally teleported next to monsters.
You expend magic power (3 MP) to strengthen your wands.


Message History

Terence is nearby!
Terence is nearby!
Terence is nearby!
Found a wand of flame (23).
Terence shouts!
Terence zaps a wand.
The puff of flame misses you.
You barely miss Terence. Terence hits you with a +0 mace.
You closely miss Terence. Terence hits you with a +0 mace.
You hit Terence but do no damage.
Terence zaps a wand.
The puff of flame misses you.
You barely miss Terence.
Terence zaps a wand.
The puff of flame hits you.
You hit Terence but do no damage.
Terence is poisoned.
Terence zaps a wand.
The puff of flame hits you!
You are too injured to fight recklessly!
You are too injured to fight recklessly!
You are too injured to fight recklessly!
You are too injured to fight recklessly!
You hit Terence but do no damage.
Terence looks as sick as possible!
Terence is lightly wounded.
Terence completely misses you.
You hit Terence.
Terence looks as sick as possible!
Terence is heavily wounded.
Terence hits you with a +0 mace.
* * * LOW HITPOINT WARNING * * *
It was a potion of ambrosia.
You are confused.
You feel invigorated. Terence barely misses you.
It was a potion of magic.
Magic courses through your body. Terence hits you with a +0 mace!
You feel less invigorated.
You feel less confused.
Terence zaps a wand.
The puff of flame hits you!
* * * LOW HITPOINT WARNING * * *
It was a potion of curing.
You feel better.
Terence zaps a wand.
The puff of flame hits you!
* * * LOW HITPOINT WARNING * * *
It was a potion of cancellation.
You feel magically purged.
Terence zaps a wand.
The puff of flame hits you.
You die...
Terence says, "Time to find some more victims."

#.# #......## #)#
##### #........
#.###...# #.#....#
#.......###......#
#####............#
#######.##.....
#?# .#.#. #.##.#.#
#..h...#.#
#.../....#
####@##### .# .#
.# .# .. ..


You could see Terence (extremely poisoned).

Vanquished Creatures
  4 adders
  5 dart slugs
  An orc (D:3)
  3 ball pythons (D:2)
  3 endoplasms
  3 giant cockroaches
  3 goblins
  6 hobgoblins
  6 jackals
  4 quokkas
  8 bats
  3 frilled lizards
  4 kobolds
  8 rats
61 creatures vanquished.

Notes
Turn   | Place    | Note
-------+----------+-------------------------------------------
     0 | D:1      | Malachi the Merfolk Shapeshifter began the quest for the
                  | Orb.
     0 | D:1      | Reached XP level 1. HP: 15/15 MP: 1/1
   212 | D:1      | Reached XP level 2. HP: 16/21 MP: 2/2
   490 | D:1      | Reached XP level 3. HP: 18/26 MP: 3/3
   495 | D:1      | Gained mutation: You are occasionally teleported next to
                  | monsters. [potion of mutation]
   495 | D:1      | Gained mutation: You expend magic power (3 MP) to
                  | strengthen your wands. [potion of mutation]
  1045 | D:2      | Reached skill level 1 in Maces & Flails
  1251 | D:2      | Reached XP level 4. HP: 29/32 MP: 4/4
  1257 | D:2      | Reached skill level 5 in Shapeshifting
  1337 | D:2      | Found a shimmering altar of Xom.
  2252 | D:3      | Noticed Terence
  2265 | D:3      | HP: 1/33 [Terence/puff of flame (12)]
  2267 | D:3      | Killed from afar by Terence

Illustrated notes

Levels and vault maps discovered:
D:1:      roadster_arrival_rocket_small, layout_rooms
D:2:      layout_loops_ring, basic_altar
D:3:      layout_loops_corners, uniq_terence

Skill      XL: |  1  2  3  4 |
---------------+-------------+-----
Dodging        | 3 |  3.1
Maces & Flails | 1 |  1.1
Shapeshifting  | 5 |  5.5
Fighting       | 2 |  2.2
Stealth        | |  0.1
Unarmed Combat | |  3.6

Action                     |  1- 3 |  4- 6 || total
---------------------------+-------+-------++-------
  Melee: Whip              |    97 |    56 ||   153
         Unarmed           |     1 |       ||     1
         Punch             |     1 |       ||     1
    Use: Potion            |     1 |     4 ||     5
   Stab: Sleeping          |     3 |     1 ||     4
 Armour: Animal skin       |    62 |    37 ||    99
  Dodge: Dodged            |    70 |    36 ||   106
